 Dungeon Crawl Stone Soup version 0.19-a0-35-g3484356 (webtiles) character file.

175 weee the Digger (level 5, -2/28 HPs)
             Began as a Gargoyle Earth Elementalist on May 3, 2016.
             Slain by an orc
             ... wielding a +0 flail
              (5 damage)
             ... on level 4 of the Dungeon.
             The game lasted 00:09:28 (2801 turns).

weee the Digger (Gargoyle Earth Elementalist)       Turns: 2801, Time: 00:09:29

Health: -2/28      AC: 10    Str: 11    XL:     5   Next: 55%
Magic:  5/10       EV: 12    Int: 17    God:
Gold:   140        SH:  0    Dex: 10    Spells: 3 memorised, 2 levels left

rFire  . . .     SeeInvis .     b - 112 stones
rCold  . . .     Gourm    .     a - +0 robe
rNeg   + . .     Faith    .     (no shield)
rPois  ∞         Spirit   .     (no helmet)
rElec  +         Dismiss  .     (no cloak)
rCorr  .         Reflect  .     (no gloves)
SustAt .         Harm     .     g - +2 pair of boots
MR     .....                    (no amulet)
Stlth  ++........               (no ring)
                                (no ring)

@: not resistant to hostile enchantments, unstealthy
A: negative energy resistance 1, shaggy fur 1, electricity resistance,
unbreathing, petrification resistance, rot immunity, AC +4
a: no special abilities


You were on level 4 of the Dungeon.
You were not hungry.

You visited 1 branch of the dungeon, and saw 4 of its levels.

You collected 140 gold pieces.

Inventory:

Hand Weapons
 e - a +0 club
 f - a +2 dagger of draining
 r - a cursed -3 short sword
Missiles
 b - 112 stones (in hand)
Armour
 a - a +0 robe (worn)
 g - a +2 pair of boots (worn)
 l - a +0 shield
Scrolls
 j - 3 scrolls of remove curse
 s - a scroll of fear
 u - a scroll of blinking
Potions
 i - 2 potions of mutation
 m - a potion of flight
 n - a potion of ambrosia
 o - a potion of might
 q - 4 potions of magic
Books
 c - a book of Geomancy

   Spells                             Type                      Level
   a - Sandblast                      Earth                        1
   b - Passwall                       Transmutation/Earth          2
   c - Stone Arrow                    Conjuration/Earth            3
   d - Petrify                        Transmutation/Earth          4
   e - Lee's Rapid Deconstruction     Earth                        5
Comestibles
 d - 5 bread rations
 h - 3 meat rations
 k - a royal jelly


   Skills:
 - Level 1.5 Dodging
 - Level 2.1 Stealth
 * Level 3.8 Spellcasting
 + Level 2.3 Conjurations
   Level 0.7 Transmutations
 + Level 5.0 Earth Magic


You had 2 spell levels left.
You knew the following spells:

 Your Spells              Type           Power        Failure   Level  Hunger
a - Sandblast             Erth           ###...       2%          1    None
b - Stone Arrow           Conj/Erth      ###...       12%         3    ###....
c - Lee's Rapid Deconstr  Erth           ###.......   71%         5    ######.


Dungeon Overview and Level Annotations

Branches:
Dungeon (4/15)
 Temple: D:4-7

Altars:
Dithmenos
Fedhas
Kikubaaqudgha
Ru
The Shining One


Innate Abilities, Weirdness & Mutations

You are resistant to torment.
Your stone body is resilient (AC +4).
You are immune to poison.
You resist negative energy.
You are resistant to electric shocks.
You can survive without breathing.
You are immune to petrification.
You are immune to rotting.
You are covered in fur (AC +1).


Message History

Aim: an ogre, wielding a giant spiked club The rocky blast hits something.
Something hits you but does no damage. The orc hits you with a flail.
Casting: Sandblast
Confirm with . or Enter, or press ? or * to list all spells.
Aiming: Sandblast
Press: ? - help, Shift-Dir - straight line, f/p - ogre
Aim: an ogre, wielding a giant spiked club The rocky blast hits something.
Something hits you but does no damage. The orc hits you with a flail.
* * * LOW HITPOINT WARNING * * *
Casting: Sandblast
Confirm with . or Enter, or press ? or * to list all spells.
Aiming: Sandblast
Press: ? - help, Shift-Dir - straight line, f/p - ogre
Aim: an ogre, wielding a giant spiked club The rocky blast hits the ogre.
The ogre is lightly wounded.
Something hits you but does no damage. The orc hits you with a flail.
You die...

##..##...##..##......
#......<.....##..##'#
#............##..##.#
#....o$..........+...
#................#...
#.....s{.........#...
######.####.###+##...
##.######s####.# #.##
+......@)O.....+ ...
#.......o......# ...⌠
. ##+######.###..#
#...... #.# .# ##_ P_
... .# # .... # .
..... . .....


You could see an ogre, a scorpion and an orc.

Vanquished Creatures
  A hound (D:3)
  5 adders
  2 oozes (D:1)
  A worm (D:3)
  5 dart slugs
  A giant gecko (D:1)
  4 orcs
  6 bats
  A giant cockroach (D:1)
  8 goblins
  11 hobgoblins
  6 jackals (D:1)
  6 kobolds
  3 quokkas
  2 giant newts
  9 rats
71 creatures vanquished.

Notes
Turn   | Place    | Note
--------------------------------------------------------------
     0 | D:1      | weee the Gargoyle Earth Elementalist began the quest for the Orb.
     0 | D:1      | Reached XP level 1. HP: 10/10 MP: 3/3
   169 | D:1      | Reached XP level 2. HP: 13/15 MP: 3/5
   690 | D:1      | Reached skill level 4 in Earth Magic
   725 | D:1      | Reached XP level 3. HP: 18/19 MP: 7/7
   730 | D:1      | Learned a level 3 spell: Stone Arrow
  1293 | D:2      | Reached XP level 4. HP: 24/24 MP: 8/8
  1304 | D:2      | Reached skill level 1 in Conjurations
  1414 | D:2      | Gained mutation: You are covered in fur (AC +1). [potion of beneficial mutation]
  1972 | D:3      | Reached XP level 5. HP: 22/28 MP: 10/10
  1985 | D:3      | Learned a level 5 spell: Lee's Rapid Deconstruction
  2058 | D:3      | Found a blossoming altar of Fedhas.
  2059 | D:3      | Found an ancient bone altar of Kikubaaqudgha.
  2193 | D:3      | Found a shadowy altar of Dithmenos.
  2746 | D:4      | Found a glowing golden altar of the Shining One.
  2752 | D:4      | Found a sacrificial altar of Ru.
  2781 | D:4      | Noticed an ogre
  2792 | D:4      | Reached skill level 5 in Earth Magic
  2801 | D:4      | Slain by an orc

Vault maps used:
D:1:      ncdulo_smallfort
D:2:      first_bread, hangedman_decor_points, grunt_ministairs_11
D:3:      grunt_temple_overflow_growth_and_decay, nicolae_overflow_crystal_walls
D:4:      gammafunk_temple_overflow_forgotten, uniq_crazy_yiuf_cottage

Skill      XL: |  1  2  3  4  5 |
---------------+----------------+-----
Earth Magic    | 4 5 |  5.0
Spellcasting   | 3 |  3.8
Conjurations   | 1 2 |  2.3
Dodging        | |  1.5
Stealth        | |  2.1
Transmutations | |  0.7

Action                   |  1- 3 |  4- 6 || total
-------------------------+-------+-------++-------
Melee: Club              |    42 |       ||    42
       Dagger            |    42 |   131 ||   173
 Cast: Sandblast         |    14 |     6 ||    20
  Use: Scroll            |     7 |     6 ||    13
       Potion            |       |     2 ||     2
 Stab: Sleeping          |     3 |     5 ||     8
  Eat: Chunk             |     1 |     5 ||     6
Armor: Robe              |    38 |    65 ||   103
Dodge: Dodged            |    59 |    96 ||   155
